 Dungeon Crawl Stone Soup version 0.16-a0-3465-g53c7d0b (webtiles) character file.

2538 Kemay the Nimble (level 9, -5/53 HPs)
             Began as an Octopode Transmuter on Jan 2, 2015.
             Was an Initiate of Sif Muna.
             Slain by a wandering mushroom (16 damage)
             ... on level 8 of the Dungeon.
             The game lasted 00:32:36 (9290 turns).

Kemay the Nimble (Octopode Transmuter)              Turns: 9290, Time: 00:32:36

Health: -5/53      AC:  1    Str: 12    XL:     9   Next: 55%
Magic:  14/14      EV: 18    Int: 18    God:    Sif Muna [......]
Gold:   424        SH:  0    Dex: 13    Spells: 2 memorised, 8 levels left

rFire  . . .     SeeInvis +       - Unarmed
rCold  . . .     Clarity  .     (no shield)
rNeg   . . .     SustAb   .     (helmet restricted)
rPois  .         Gourm    .     c - amulet of stasis
rElec  .         Spirit   .     f - +3 ring of strength
rCorr  .         Warding  .     t - ring of see invisible
rMut   .         Stasis   +     (no ring)
MR     .....                    (no ring)
Stlth  ++........               (no ring)
                                (no ring)
                                (no ring)
                                (no ring)

@: not resistant to hostile enchantments, unstealthy
A: almost no armour, amphibious, 8 rings, constrict 8, camouflage 1, gelatinous
body 1
a: Renounce Religion


You were on level 8 of the Dungeon.
You worshipped Sif Muna.
Sif Muna was noncommittal.
You were not hungry.

You visited 2 branches of the dungeon, and saw 9 of its levels.

You collected 424 gold pieces.

Inventory:

Magical staves
 w - an uncursed staff of energy {unknown}
Jewellery
 c - an amulet of stasis (around mantle)
 f - a +3 ring of strength (left tentacle)
 t - a ring of see invisible (right tentacle)
Magical devices
 q - a wand of magic darts (23)
 v - a wand of magic darts (14)
Scrolls
 i - 2 scrolls of magic mapping
 r - a scroll of remove curse
 u - a scroll of recharging
Potions
 e - a potion of brilliance
 g - a potion of flight
 h - 2 potions of poison {unknown}
 j - a potion of agility
 k - 2 potions of curing
 n - a potion of cancellation {unknown}
 o - 2 potions of restore abilities {unknown}
 p - a potion of invisibility {unknown}
 x - 2 potions of resistance {unknown}
Books
 d - a book of Changes

   Spells                             Type                      Level
   a - Beastly Appendage              Transmutation                1
   b - Sticks to Snakes               Transmutation                2
   c - Spider Form                    Transmutation/Poison         3
   d - Ice Form                       Ice/Transmutation            4
   e - Blade Hands                    Transmutation                5
 l - a book of Power

   Spells                             Type                      Level
   a - Fulminant Prism                Conjuration/Hexes            4
   b - Iskenderun's Mystic Blast      Conjuration                  4
   c - Venom Bolt                     Conjuration/Poison           5
   d - Bolt of Magma                  Conjuration/Fire/Earth       5
   e - Iron Shot                      Conjuration/Earth            6
   f - Orb of Destruction             Conjuration                  7
   g - Spellforged Servitor           Conjuration/Summoning        7
Comestibles
 a - 3 bread rations
 b - 3 beef jerkies
 m - 2 meat rations
 s - 5 chunks of flesh
 z - 2 fruits


   Skills:
 - Level 1.0 Fighting
 + Level 10.3 Dodging
 - Level 6.4 Unarmed Combat
 - Level 2.0 Spellcasting
 - Level 4.2 Transmutations
 - Level 3.1 Poison Magic


You had 8 spell levels left.
You knew the following spells:

 Your Spells              Type           Power        Failure   Level  Hunger
a - Beastly Appendage     Trmt           ###...       3%          1    #......
b - Spider Form           Trmt/Pois      ###.......   14%         3    ###....


Dungeon Overview and Level Annotations

Branches:
Dungeon (8/15)             Temple (1/1) D:4
   Lair: D:8-11

Altars:
Ashenzari
Cheibriados
Dithmenos
Elyvilon
Fedhas
Gozag
Kikubaaqudgha
Makhleb
Nemelex Xobeh
Okawaru
Qazlal
Ru
Sif Muna
Trog
Vehumet
Yredelemnul
Zin
The Shining One

Shops:
D:4 }


Innate Abilities, Weirdness & Mutations

You cannot wear most types of armour.
You are amphibious.
You can wear up to eight rings at the same time.
You can use your tentacles to constrict many enemies at once.
Your skin changes colour to match your surroundings (Stealth).
Your rubbery body absorbs attacks (AC +1).


Message History

You are confused.
You bump into the tree.
You feel less confused.
You constrict the wandering mushroom.
The wandering mushroom releases spores at you!!
* * * LOW HITPOINT WARNING * * *
You are engulfed in a cloud of spores!
You are confused.
You hear a grinding noise.
Drink which item? (? for menu, Esc to quit)
You feel better.
You constrict the wandering mushroom.
The wandering mushroom releases spores at you!
* * * LOW HITPOINT WARNING * * *
You are engulfed in a cloud of spores!
You are confused.
You hear a grinding noise. x2
Drink which item? (? for menu, Esc to quit)
You feel better.
You constrict the wandering mushroom.
The wandering mushroom releases spores at you!
You die...

#......#.........(.#...........
#......#..♣♣♣♣♣♣♣..#......≈≈≈..
#......#.♣♣ ♣.#.......≈≈..
#......'.♣ ##....≈......
#......##♣ #....≈......
#......# #........... #......#
♣♣ #........... #.))...#
♣♣.♣♣##........... #.<[...#
♣♣♣♣@♣ ♣............. ########
♣♣...♣f♣♣.############
♣.♣♣♣♣♣♣♣.# ♣♣....♣♣♣.#
♣♣♣♣♣.♣..# #...## #####


You could see a wandering mushroom.

Vanquished Creatures
  A wandering mushroom (D:8)
  A water moccasin (D:6)
  A mottled dragon (D:7)
  2 black bears (D:7)
  3 ice beasts
  A sky beast (D:5)
  An orc warrior (D:6)
  An ogre (D:7)
  A centaur (D:7)
  Sigmund (D:7)
  A wyvern skeleton (D:6)
  2 scorpions
  4 wights (D:6)
  An electric eel (D:8)
  2 orc priests
  A gnoll shaman (D:4)
  2 hounds
  10 orc wizards
  2 worker ants
  A hound skeleton (D:8)
  12 gnolls
  8 adders
  3 shadow imps
  2 giant mites
  4 worms
  An adder zombie (D:5)
  3 adder skeletons
  8 giant geckos
  29 orcs
  A bat skeleton (D:7)
  A bat zombie (D:5)
  13 hobgoblins
  13 jackals
  15 kobolds
  4 quokkas
  3 ball pythons
  8 bats
  7 giant cockroaches
  A giant cockroach zombie (D:5)
  4 giant newts
  A giant spore (D:7)
  10 goblins
  A quokka skeleton (D:6)
  13 rats
204 creatures vanquished.

Notes
Turn   | Place    | Note
--------------------------------------------------------------
     0 | D:1      | Kemay, the Octopode Transmuter, began the quest for the Orb.
     0 | D:1      | Reached XP level 1. HP: 13/13 MP: 3/3
   195 | D:1      | Reached XP level 2. HP: 16/18 MP: 4/4
  1452 | D:2      | Reached XP level 3. HP: 15/23 MP: 6/6
  1457 | D:2      | Learned a level 3 spell: Spider Form
  2091 | D:2      | Reached skill level 1 in Poison Magic
  2111 | D:2      | Reached XP level 4. HP: 28/28 MP: 2/7
  2214 | D:2      | Reached skill level 4 in Transmutations
  2447 | D:3      | Reached XP level 5. HP: 27/33 MP: 7/9
  2686 | D:3      | Noticed an ice beast
  2703 | D:3      | Killed an ice beast
  2703 | D:3      | Reached XP level 6. HP: 26/38 MP: 7/10
  3031 | D:3      | Found a bloodstained altar of Trog.
  3558 | D:4      | Found Epreivi's Gadget Boutique.
  3583 | D:4      | Found a staircase to the Ecumenical Temple.
  3591 | D:4      | Found a radiant altar of Vehumet.
  3594 | D:4      | Reached skill level 5 in Unarmed Combat
  3600 | Temple   | Entered the Ecumenical Temple
  3674 | Temple   | Became a worshipper of Sif Muna the Loreminder
  4633 | D:4      | Reached XP level 7. HP: 41/43 MP: 10/12
  4652 | D:4      | Found a stormy altar of Qazlal.
  4670 | D:5      | Entered Level 5 of the Dungeon
  4741 | D:5      | Reached skill level 6 in Unarmed Combat
  4856 | D:5      | Got a crude hand axe
  4879 | D:5      | Identified the +3 hand axe "Ghopnuts" {freeze, rF+ Str+1} (You found it on level 5 of the Dungeon)
  6318 | D:6      | Found a white marble altar of Elyvilon.
  6327 | D:6      | Reached XP level 8. HP: 48/48 MP: 9/13
  6333 | D:6      | Reached skill level 5 in Dodging
  6580 | D:6      | HP: 2/48 [water moccasin (4)]
  7000 | D:6      | Reached skill level 7 in Dodging
  7677 | D:7      | Found a shattered altar of Ashenzari.
  7710 | D:7      | Reached skill level 8 in Dodging
  7757 | D:7      | Found a sparkling altar of Nemelex Xobeh.
  7834 | D:7      | Reached XP level 9. HP: 46/53 MP: 8/14
  8137 | D:7      | Noticed Sigmund
  8140 | D:7      | Found a sacrificial altar of Ru.
  8149 | D:7      | Killed Sigmund
  8149 | D:7      | Reached skill level 9 in Dodging
  9232 | D:8      | Reached skill level 10 in Dodging
  9261 | D:8      | Noticed a wandering mushroom
  9275 | D:8      | Killed a wandering mushroom
  9280 | D:8      | Noticed a wandering mushroom
  9288 | D:8      | HP: 2/53 [wandering mushroom (20)]
  9290 | D:8      | Slain by a wandering mushroom

Action                   |  1- 3 |  4- 6 |  7- 9 || total
-------------------------+-------+-------+-------++-------
Melee: Unarmed           |    81 |   160 |   347 ||   588
 Cast: Beastly Appendage |     9 |    16 |     3 ||    28
       Spider Form       |     3 |    14 |    32 ||    49
 Abil: End Transformatio |     5 |     3 |     7 ||    15
Evoke: Wand              |       |       |     1 ||     1
  Use: Scroll            |     3 |     7 |     4 ||    14
       Potion            |       |     2 |     4 ||     6
 Stab: Sleeping          |     4 |     2 |     4 ||    10
       Confused          |       |       |     1 ||     1
  Eat: Chunk             |     4 |    10 |    18 ||    32
       Pizza             |       |       |     1 ||     1
